 Dungeon Crawl Stone Soup version 0.24-a0-108-g011bc4b (webtiles) character file.

Game seed: 388137527787868092

18 Amnesiac the Slasher (level 2, -4/21 HPs)
             Began as an Octopode Fighter on Feb 14, 2019.
             Slain by a water moccasin zombie (7 damage)
             ... on level 4 of the Dungeon.
             The game lasted 00:01:02 (355 turns).

Amnesiac the Slasher (Octopode Fighter)              Turns: 355, Time: 00:01:03

Health: -4/21      AC:  1    Str: 15    XL:     2   Next: 66%
Magic:  2/2        EV: 11    Int: 10    God:
Gold:   0          SH:  8    Dex: 11    Spells: 1/1 levels left

rFire    . . .     SeeInvis .   a - +0 long sword
rCold    . . .     Gourm    .   b - +0 shield
rNeg     . . .     Faith    .   (helmet restricted)
rPois    .         Spirit   .   (no amulet)
rElec    .         Reflect  .   (no ring)
rCorr    .         Harm     .   (no ring)
MR       .....                  (no ring)
Stlth    ++........             (no ring)
HPRegen  0.07/turn              (no ring)
MPRegen  0.08/turn              (no ring)
                                (no ring)
                                (no ring)

@: no status effects
A: almost no armour, stealthy swim, amphibious, 8 rings, constrict 8, camouflage
1, gelatinous body 1
a: no special abilities


You were on level 4 of the Dungeon.
You were not hungry.

You visited 2 branches of the dungeon, and saw 5 of its levels.

Inventory:

Hand Weapons
 a - a +0 long sword (weapon)
Armour
 b - a +0 shield (worn)
Scrolls
 e - 2 scrolls of remove curse {!r, unknown}
 g - a scroll of blinking {!r, unknown}
 h - a scroll of immolation {!r, unknown}
Potions
 c - a potion of might {!q}
 i - a potion of lignification {!q, unknown}
Comestibles
 d - 2 rations
 f - 2 chunks of flesh


   Skills:
 - Level 3.0 Fighting
 + Level 3.1 Long Blades
 - Level 3.0 Dodging
 - Level 3.0 Shields


You had one spell level left.
You didn't know any spells.
Your spell library was empty.

Dungeon Overview and Level Annotations

Branches:
Dungeon (4/15)             Temple (1/1) D:4

Altars:
Elyvilon
Kikubaaqudgha
Makhleb
Qazlal
Ru
Uskayaw
Vehumet
Xom
Yredelemnul
Lugonu


Innate Abilities, Weirdness & Mutations

You cannot wear most types of armour.
You are very stealthy in the water. (Stealth+)
You are amphibious.
You can wear up to eight rings at the same time.
You can use your tentacles to constrict eight enemies at once.
Your skin changes colour to match your surroundings (Stealth+).
Your rubbery body absorbs attacks. (AC +1, EV +1)


Message History

Found a large shield.
There is a stone staircase leading down here.
There is a stone staircase leading up here.
Some of the chunks of flesh in your inventory have rotted away.
Found a staircase to the Ecumenical Temple.
Found 19 sling bullets.
There is a staircase to the Ecumenical Temple here.
You climb downwards.
Welcome to the Ecumenical Temple!
There is a staircase back to the Dungeon here.
Found five altars.
Found three altars.
Why would you want to do that? Why would you want to do that?
Why would you want to do that?
Found three altars.
Found a corrupted altar of Lugonu.
There is a staircase back to the Dungeon here.
You climb upwards.
Welcome back to the Dungeon!
You hear the sound of rushing water.
There is an entrance to a sewer on this level.
Hurry and find it before the portal rusts away!
You hear the slow rusting of a drain nearby.
There is a staircase to the Ecumenical Temple here.
A quokka comes into view.
A quokka is nearby!
A quokka is nearby!
You block the quokka's attack.
There is a dry fountain here.
You barely miss the quokka. You grab the quokka.
You constrict the quokka, but do no damage.
You block the quokka's attack.
You slash the quokka!
You kill the quokka!
No target in view!
No target in view!
No target in view!
No target in view!
No target in view!
No target in view!
No target in view!
There is a staircase to the Ecumenical Temple here.
You open the large door.
A water moccasin zombie comes into view.
There is a large open door here.
A water moccasin zombie is nearby!
You block the water moccasin zombie's attack.
A water moccasin zombie is nearby!
You barely miss the water moccasin zombie.
You grab the water moccasin zombie. You squeeze the water moccasin zombie.
The water moccasin zombie is lightly damaged.
You constrict the water moccasin zombie.
The water moccasin zombie bites you.
You hit the water moccasin zombie.
The water moccasin zombie is moderately damaged.
You constrict the water moccasin zombie.
The water moccasin zombie bites you!
* * * LOW HITPOINT WARNING * * *
You block the water moccasin zombie's attack.
You hit the water moccasin zombie. You squeeze the water moccasin zombie.
The water moccasin zombie is heavily damaged.
You constrict the water moccasin zombie.
The water moccasin zombie bites you.
* * * LOW HITPOINT WARNING * * *
The water moccasin zombie bites you!
You die...

### #..##
#####....###
#.'...#....+
#.'.@Z.#
#.###....# #.#
#..## #.# ###
#.# #.#####
#.....#
##########.##.#
#...#...#...#.#


You could see a water moccasin zombie.

Vanquished Creatures
  A dart slug (D:1)
  3 goblins (D:3)
  A hobgoblin (D:1)
  3 kobolds
  A quokka (D:4)
  3 bats
  3 rats
15 creatures vanquished.

Notes
Turn   | Place    | Note
-------+----------+-------------------------------------------
     0 | D:1      | Amnesiac the Octopode Fighter began the quest for the Orb.
     0 | D:1      | Reached XP level 1. HP: 16/16 MP: 1/1
    50 | D:1      | Reached XP level 2. HP: 16/21 MP: 2/2
   282 | D:4      | Found a staircase to the Ecumenical Temple.
   288 | Temple   | Entered the Ecumenical Temple
   355 | D:4      | Slain by a water moccasin zombie

Levels and vault maps discovered:
D:1:      saegor_arrival_simple_d, layout_basic, minivault_24
D:2:      layout_loops_ring, zin_angel, chequers_ecumenical_altar_simple,
          corexii_corridor_pit
D:3:      layout_basic, fedhas_altar_1, nemelex_altar_shiori,
          lemuel_round_altar, first_ration, grunt_gozag_breadcrumbs
D:4:      layout_loops_cross, lemuel_doored_altar,
          minmay_temple_entry_nine_rooms, gup_sewer_entry_bubbles,
          kennysheep_generic_room_3
Temple:   corrupted_temple

Skill      XL: |  1  2 |
---------------+-------+-----
Long Blades    | 3 |  3.1
Fighting       | |  3.0
Dodging        | |  3.0
Shields        | |  3.0

Action                   || total
-------------------------++-------
Melee: Long sword        ||    29
       Constrict         ||    10
       Tentacles         ||     4
 Stab: Sleeping          ||     1
Dodge: Dodged            ||     8
Block: Shield            ||    23
       Rpst.: Long sword ||     2

Table legend:
 A = Non-vault XP
 B = Vault XP
 C = Vault XP percentage of total XP
 D = Non-vault monster count
 E = Vault monster count
 F = Vault count percentage of total count
                 A         B        C        D         E       F
            +---------+---------+-------+---------+---------+-------
      Total |      26 |       0 |   0.0 |      15 |       0 |   0.0
            +---------+---------+-------+---------+---------+-------
        D:1 |      11 |       0 |   0.0 |       6 |       0 |   0.0
        D:2 |       2 |       0 |   0.0 |       1 |       0 |   0.0
        D:3 |      11 |       0 |   0.0 |       7 |       0 |   0.0
        D:4 |       2 |       0 |   0.0 |       1 |       0 |   0.0
            +---------+---------+-------+---------+---------+-------
